 Dungeon Crawl Stone Soup version 0.19.0-19-g8c6edcc (webtiles) character file.

135 HungrySpirit the Skirmisher (level 5, 0/51 HPs)
             Began as a Hill Orc Wanderer on Nov 15, 2016.
             Slain by a gnoll
             ... wielding a +1 halberd of venom
              (11 damage)
             ... on level 2 of the Dungeon.
             The game lasted 00:04:32 (2835 turns).

HungrySpirit the Skirmisher (Hill Orc Wanderer)     Turns: 2835, Time: 00:04:33

Health: 0/51       AC:  3    Str: 16    XL:     5   Next: 18%
Magic:  5/5        EV: 11    Int: 10    God:
Gold:   49         SH:  0    Dex: 12    Spells: 0 memorised, 4 levels left

rFire  . . .     SeeInvis .     c - +0 mace
rCold  . . .     Gourm    .     k - +0 leather armour
rNeg   . . .     Faith    .     (no shield)
rPois  .         Spirit   .     (no helmet)
rElec  .         Reflect  .     (no cloak)
rCorr  .         Harm     .     (no gloves)
MR     .....                    (no boots)
Stlth  +.........               (no amulet)
                                (no ring)
                                (no ring)

@: lethally poisoned (0 -> -33)
A: no striking features
a: no special abilities


You were on level 2 of the Dungeon.
You were hungry.

You visited 1 branch of the dungeon, and saw 2 of its levels.

You collected 49 gold pieces.

Inventory:

Hand Weapons
 c - a +0 mace (weapon)
Missiles
 l - 4 needles of paralysis
Armour
 k - a +0 leather armour (worn)
Scrolls
 d - a scroll of immolation {unknown}
 e - a scroll of enchant weapon {unknown}
 f - a scroll of fear {unknown}
 n - 2 scrolls of remove curse
 o - a scroll of magic mapping {unknown}
 r - a scroll of noise {unknown}
 t - a scroll of teleportation {unknown}
Potions
 b - a potion of resistance {unknown}
 h - a potion of flight {unknown}
 i - 2 potions of invisibility
 q - a potion of berserk rage {unknown}
 u - a potion of degeneration {unknown}
Comestibles
 a - 2 fruits
 g - 3 bread rations
 j - a meat ration
 m - a slice of pizza
 p - 2 beef jerkies
 s - a royal jelly


   Skills:
 * Level 6.8 Fighting
   Level 1.3(2.5) Axes
 + Level 2.7(2.9) Maces & Flails
   Level 1.0 Bows
 - Level 1.0 Throwing
 - Level 2.1 Armour
   Level 1.0 Evocations


You had 4 spell levels left.
You didn't know any spells.

Dungeon Overview and Level Annotations

Branches:
Dungeon (2/15)

Altars:
Fedhas
Ru

Annotations:
D:2 exclusion: oklob plant


Message History

The gnoll is moderately wounded.
You feel sick.
The gnoll hits you with a halberd of venom.
You are more poisoned.
You closely miss the gnoll.
The gnoll is moderately wounded.
You feel very sick.
The gnoll hits you with a halberd of venom.
You hit the gnoll.
The gnoll is severely wounded.
You feel very sick.
The gnoll hits you with a halberd of venom!
* * * LOW HITPOINT WARNING * * *
You are more poisoned.
You closely miss the gnoll.
The gnoll is severely wounded.
* * * LOW HITPOINT WARNING * * *
You feel very sick.
The gnoll hits you with a halberd of venom!
You die...

#.#.###.###.#### #.#)###........#
#.#.........##.# #.#..##..#####.#
#.#)............ #######
#..<........#..# #.....#
###...##.#..#..# #.###.#
###############.......# #.# #.#
#.....@.# ###...### #.#
#.###.#####g# #...### #<#
#.#......##.#### #...... ###.#
#...#.##..g....# #...##. ....#
#####.##).#.##.# #...##.
..>.#######.......##.# #...##.
.#.###.....###.†...#.######...##.
.#.# #.<.g.####.##.#.............
##.# #.......##..[...............


You could see a gnoll.

Vanquished Creatures
  Ijyb (D:2)
  2 gnolls (D:1)
  2 adders (D:2)
  3 worms (D:2)
  2 dart slugs (D:1)
  A leopard gecko (D:2)
  A ball python (D:2)
  7 bats
  4 giant cockroaches
  6 hobgoblins
  7 jackals (D:2)
  9 kobolds
  3 frilled lizards
  6 goblins
  7 rats
61 creatures vanquished.

Vanquished Creatures (others)
  3 fungi (D:2)
  4 toadstools (D:1)
7 creatures vanquished.

Grand Total: 68 creatures vanquished

Notes
Turn   | Place    | Note
-------+----------+-------------------------------------------
     0 | D:1      | HungrySpirit the Hill Orc Wanderer began the quest for the Orb.
     0 | D:1      | HungrySpirit set off with: 2 curare-tipped needles, a +2 blowgun, a +0 mace, a +0 shortbow, 27 arrows, a +0 robe, a bread ration
     0 | D:1      | Reached XP level 1. HP: 22/22 MP: 1/1
    70 | D:1      | Reached skill level 5 in Fighting
   186 | D:1      | Reached XP level 2. HP: 19/29 MP: 2/2
   632 | D:1      | Reached skill level 1 in Maces & Flails
   809 | D:1      | Reached XP level 3. HP: 32/36 MP: 3/3
  1391 | D:2      | Noticed Ijyb
  1397 | D:2      | Reached skill level 6 in Fighting
  1429 | D:2      | Killed Ijyb
  1429 | D:2      | Reached XP level 4. HP: 30/44 MP: 4/4
  2091 | D:2      | Found a blossoming altar of Fedhas.
  2116 | D:2      | Noticed an oklob plant
  2225 | D:2      | Reached XP level 5. HP: 39/51 MP: 5/5
  2464 | D:2      | Found a sacrificial altar of Ru.
  2835 | D:2      | Slain by a gnoll

Skill      XL: |  1  2  3 |
---------------+----------+-----
Fighting       | 5 6 |  6.8
Maces & Flails | 1 2 |  2.7
Axes           | |  1.3
Bows           | |  1.0
Throwing       | |  1.0
Armour         | |  2.1
Evocations     | |  1.0

Action                   |  1- 3 |  4- 6 || total
-------------------------+-------+-------++-------
Melee: Mace              |   115 |   141 ||   256
  Use: Scroll            |     1 |       ||     1
  Eat: Chunk             |       |     6 ||     6
Armor: Robe              |     3 |       ||     3
       Leather armour    |    23 |    66 ||    89
Dodge: Dodged            |    87 |   127 ||   214
